AoeStats
← VALAZZU

Arena

509982893Analyzed
4v4 RM · 2d ago on Sep 28, 2026· 47m 51s· 8 players
Game mode
Random Map
Map size
Large (8 player)
Population
200
Speed
Normal
Resources
Standard
Victory
Conquest
Starting age
Dark Age
Ending age
Imperial Age
RankedLock teamsTeams togetherTeam positionsShared explorationLock speedFull tech treeHidden civsTurbo modeCheats
Victory
Defeat
🇧🇷 Turks · Brazil
995
+11
🇺🇸 Danes · United States
884
+16
🇦🇷 Goths · Argentina
846
+17
🇦🇷 Magyars · Argentina
825
+18
🇨🇳 Huns · China
914
-17
🇲🇽 Franks · Mexico
892
-16
🇲🇽 Romans · Mexico
891
-16
🇧🇷 Jurchens · Brazil
821
-13
whythelongfaceimahorse
7:14 Loom
10:54 Feudal Age
12:03 Double-Bit Axe
15:06 Castle Age
13:16 Scale Mail Armor
19:10 Fletching
22:18 Forging
24:33 Wheelbarrow
25:05 Horse Collar
27:57 Gold Mining
28:12 Bodkin Arrow
39:08 Hand Cart
40:56 Gold Shaft Mining
48:25 Imperial Age
47:15 Chain Mail Armor
47:37 Iron Casting
47:54 Bow Saw
Matiquemero
3:24 Loom
12:34 Feudal Age
14:34 Double-Bit Axe
17:30 Castle Age
18:43 Bow Saw
23:17 Horse Collar
25:29 Wheelbarrow
25:37 Wheelbarrow
32:41 Imperial Age
31:07 Squires
30:28 Pikeman
31:23 Forging
31:14 Scale Mail Armor
31:19 Anarchy
33:07 Elite Huskarl
33:47 Perfusion
34:08 Conscription
34:27 Iron Casting
34:07 Chain Mail Armor
33:19 Halberdier
36:08 Blast Furnace
37:09 Man-at-Arms
39:56 Long Swordsman
40:42 Two-Handed Swordsman
41:29 Champion
(Terry-Fox)
1:19 Loom
10:42 Feudal Age
18:35 Castle Age
16:50 Stone Mining
26:32 Scale Barding Armor
tts.engamb
11:36 Feudal Age
16:45 Castle Age
14:49 Double-Bit Axe
14:47 Horse Collar
15:00 Stone Mining
16:28 Gold Mining
19:13 Loom
30:39 Imperial Age
28:49 Wheelbarrow
28:27 Heavy Plow
28:48 Bow Saw
29:16 Gold Shaft Mining
31:41 Hand Cart
31:56 Forging
31:36 Fletching
33:14 Fortified Wall
32:59 Murder Holes
37:15 Iron Casting
36:36 Bodkin Arrow
36:47 Scale Barding Armor
39:52 Blast Furnace
39:34 Bracer
39:55 Chain Barding Armor
40:26 Ballistics
41:43 Heated Shot
41:25 Elite Janissary
43:26 Plate Barding Armor
JamesTKirk
11:15 Feudal Age
12:10 Double-Bit Axe
16:56 Castle Age
15:03 Horse Collar
15:36 Gold Mining
18:41 Bow Saw
39:11 Wheelbarrow
39:13 Gold Shaft Mining
Gods ;*
13:47 Feudal Age
14:03 Loom
24:39 Scale Barding Armor
38:37 Double-Bit Axe
43:31 Horse Collar
49:26 Castle Age
2026
0:50 Loom
10:33 Feudal Age
14:57 Castle Age
13:14 Double-Bit Axe
16:28 Horse Collar
17:21 Fervor
27:36 Imperial Age
26:12 Bloodlines
28:08 Husbandry
28:22 Forging
28:18 Scale Barding Armor
28:37 Town Watch
29:04 Marauders
30:10 Wheelbarrow
30:15 Iron Casting
31:06 Pikeman
32:50 Blast Furnace
32:54 Ballistics
33:02 Halberdier
34:30 Bow Saw
34:45 Chain Barding Armor
34:22 Murder Holes
36:05 Plate Barding Armor
36:26 Squires
35:50 Light Cavalry
38:28 Elite Skirmisher
40:20 Hussar
41:21 Gold Mining
41:22 Stone Mining
42:43 Chemistry
42:41 Heavy Plow
43:46 Two-Man Saw
43:04 Hand Cart
42:51 Town Patrol
43:56 Arson
44:06 Fletching
45:47 Bodkin Arrow
45:53 Scale Mail Armor
VALAZZU
0:28 Loom
11:12 Feudal Age
13:10 Wheelbarrow
12:23 Double-Bit Axe
12:31 Gold Mining
16:03 Town Watch
21:45 Castle Age
19:28 Man-at-Arms
20:49 Scale Barding Armor
21:24 Forging
24:30 Husbandry
26:48 Chain Barding Armor
29:47 Gold Shaft Mining
29:04 Stone Mining
31:16 Hand Cart
34:59 Scale Mail Armor
39:31 Imperial Age
38:19 Iron Casting
37:59 Chain Mail Armor
37:06 Long Swordsman
37:31 Gambesons
37:22 Light Cavalry
40:54 Two-Handed Swordsman
Connection lost

Rejoining the realm…

Still unreachable

The connection could not be restored.

Session expired

The server has moved on; the page needs a fresh start.